 Dungeon Crawl Stone Soup version 0.18-a0-987-g0b0e4e7 (webtiles) character file.

165 sugabear the Cudgeler (level 5, -5/26 HPs)
             Began as a Vine Stalker Gladiator on Jan 3, 2016.
             Slain by a river rat (8 damage)
             ... on level 3 of the Dungeon.
             The game lasted 00:02:29 (1571 turns).

sugabear the Cudgeler (Vine Stalker Gladiator)      Turns: 1571, Time: 00:02:30

Health: -5/26      AC:  4    Str: 19    XL:     5   Next: 46%
Magic:  0/6        EV: 10    Int:  8    God:
Gold:   111        SH:  0    Dex: 14    Spells: 0 memorised, 4 levels left

rFire  . . .     SeeInvis .     a - +0 flail
rCold  . . .     Gourm    .     b - +0 leather armour
rNeg   . . .     Faith    .     (no shield)
rPois  .         Spirit   +     c - +0 helmet
rElec  .         Dismiss  .     (no cloak)
rCorr  .         Reflect  .     (no gloves)
SustAt .         Harm     .     (no boots)
MR     .....                    (no amulet)
Stlth  +.........               (no ring)
                                (no ring)

@: lethally poisoned (-5 -> -7), constricted, drained, not resistant to hostile
enchantments, very unstealthy
A: fangs 2, regeneration 1, magic shield, antimagic bite, no device heal 3, rot
immunity
a: no special abilities


You were on level 3 of the Dungeon.
You were not hungry.

You visited 1 branch of the dungeon, and saw 3 of its levels.

You collected 111 gold pieces.

Inventory:

Hand Weapons
 a - a +0 flail (weapon)
 s - a cursed -1 whip
 x - a +0 mace of draining
Missiles
 d - 3 throwing nets (quivered)
Armour
 b - a +0 leather armour (worn)
 c - a +0 helmet (worn)
Jewellery
 w - a cursed -2 ring of intelligence {unknown}
Wands
 B - a wand of paralysis (4/24)
Scrolls
 e - 3 scrolls of amnesia {unknown}
 i - 2 scrolls of magic mapping {unknown}
 j - 2 scrolls of blinking {unknown}
 k - 3 scrolls of remove curse {unknown}
 l - a scroll of noise {unknown}
 n - 4 scrolls of teleportation {unknown}
 o - a scroll of identify {unknown}
 y - a scroll of enchant weapon {unknown}
Potions
 h - 2 potions of degeneration {unknown}
 m - a potion of curing {unknown}
 p - a potion of resistance {unknown}
 q - 2 potions of ambrosia {unknown}
 t - 2 potions of invisibility {unknown}
 z - a potion of heal wounds {unknown}
 A - a potion of cancellation {unknown}
Comestibles
 f - 2 bread rations
 g - 2 slices of pizza
 u - 4 fruits
 v - a beef jerky


   Skills:
 + Level 2.1(1.5) Fighting
 + Level 3.7(3.1) Maces & Flails
 + Level 2.1(1.5) Throwing
 + Level 0.8(0.3) Armour
 + Level 3.5(2.9) Dodging
 + Level 1.8(1.2) Stealth


You had 4 spell levels left.
You didn't know any spells.

Dungeon Overview and Level Annotations

Branches:
Dungeon (3/15)

Altars:
Fedhas

Portals:
Sewer: D:3


Innate Abilities, Weirdness & Mutations

You have extremely sharp teeth.
Your natural rate of healing is unusually fast.
When hurt, damage is shared between your health and your magic reserves.
Your bite disrupts and absorbs the magic of your enemies.
Potions and wands cannot restore your health.
You are immune to rotting.


Message History

The adder closely misses you. The ball python completely misses you.
The ball python misses you. The giant cockroach closely misses you.
The adder barely misses you. The river rat bites you. The adder bites you.
You are poisoned.
The adder poisons you! The river rat bites you!
* * * LOW HITPOINT WARNING * * *
The rat splashes around in the water.
The ball python misses you. The ball python misses you.
Unknown command.
You enter the shallow water.
Moving in this stuff is going to be slow.
You feel sick. The adder bites you.
* * * LOW HITPOINT WARNING * * *
You are more poisoned.
The adder poisons you! The river rat barely misses you.
The rat bites you but does no damage. The ball python misses you.
The ball python grabs you. The ball python constricts you.
The river rat bites you!
You die...

#######
##≈≈≈≈∩#
#..@r≈≈#
#.SSr≈≈#
#...s≈≈#
#.....≈#
#.######
##.#
####
#..#
...##
###.###
....#
#.....#


You could see an adder, a river rat, a giant cockroach, a ball python and a rat.

Vanquished Creatures
  The ghost of MetaCosm the Sneak, an amateur SpAs (D:3)
  A hound skeleton (D:3)
  3 adders
  A worm (D:3)
  A giant gecko (D:1)
  9 orcs (D:3)
  A giant cockroach (D:1)
  8 goblins
  7 hobgoblins
  4 bats
  3 giant newts
  7 kobolds
  7 rats
53 creatures vanquished.

Notes
Turn   | Place    | Note
--------------------------------------------------------------
     0 | D:1      | sugabear the Vine Stalker Gladiator began the quest for the Orb.
     0 | D:1      | Reached XP level 1. HP: 11/11 MP: 2/2
     6 | D:1      | Noticed a wolf
     6 | D:1      | Noticed a five-headed hydra
     7 | D:1      | Noticed a polar bear
   113 | D:1      | Reached XP level 2. HP: 15/15 MP: 3/3
   178 | D:1      | Reached skill level 3 in Maces & Flails
   450 | D:1      | Reached XP level 3. HP: 18/18 MP: 4/4
  1082 | D:3      | Reached skill level 1 in Stealth
  1143 | D:3      | Reached XP level 4. HP: 23/23 MP: 5/5
  1144 | D:3      | Found a blossoming altar of Fedhas.
  1513 | D:3      | Noticed MetaCosm's ghost (amateur SpAs)
  1558 | D:3      | Killed MetaCosm's ghost
  1558 | D:3      | Reached XP level 5. HP: 19/26 MP: 6/6
  1565 | D:3      | Found a glowing drain.
  1571 | D:3      | Slain by a river rat

Vault maps used:
D:1:      onia_arrival_zoo_common
D:3:      fedhas_altar_fruit_tree, portal_sewer_entry_b, first_bread,
          minmay_surrounded

Action                   |  1- 3 |  4- 6 || total
-------------------------+-------+-------++-------
Melee: Flail             |    84 |    58 ||   142
Throw: Throwing net      |       |     1 ||     1
Evoke: Wand              |       |     2 ||     2
 Stab: Sleeping          |     1 |       ||     1
       Paralysed         |       |     6 ||     6
       Held in net/web   |       |     1 ||     1
  Eat: Chunk             |     1 |     1 ||     2
